 Dungeon Crawl Stone Soup version 0.23.2-30-g0e89c35649 (webtiles) character file.

Game seed: 5383786037021580083

1610 doot the Destroyer (level 8, -3/45 HPs)
             Began as a Tengu Conjurer on June 25, 2019.
             Was a Follower of Vehumet.
             Shot with an arrow by a centaur (16 damage)
             ... on level 7 of the Dungeon.
             The game lasted 00:16:18 (8691 turns).

doot the Destroyer (Tengu Conjurer)                 Turns: 8691, Time: 00:16:18

Health: -3/45      AC:  4    Str:  8    XL:     8   Next: 95%
Magic:  16/17      EV: 17    Int: 18    God:    Vehumet [*.....]
Gold:   410        SH:  0    Dex: 15    Spells: 4/17 levels left

rFire    . . .     SeeInvis .   y - +2 falchion (holy)
rCold    . . .     Gourm    .   (no shield)
rNeg     . . .     Faith    +   a - +0 robe
rPois    .         Spirit   .   (helmet restricted)
rElec    .         Reflect  .   (no cloak)
rCorr    .         Harm     .   E - +1 pair of gloves
MR       .....                  (boots unavailable)
Stlth    +++.......             l - amulet of faith
HPRegen  0.15/turn              (no ring)
MPRegen  0.15/turn              (no ring)

@: flying quickly and evasively, quick
A: beak, talons 3, able to fly
a: Stop Flying, Renounce Religion


You were on level 7 of the Dungeon.
You worshipped Vehumet.
Vehumet was aware of your devotion.
You were not hungry.

You visited 2 branches of the dungeon, and saw 8 of its levels.

You collected 410 gold pieces.

Inventory:

Hand Weapons
 f - a +0 whip
 p - a +2 vampiric war axe
 v - a +1 war axe of draining
 w - a +2 dire flail of protection
 y - a +2 falchion of holy wrath (weapon)
Armour
 a - a +0 robe (worn)
 E - a +1 pair of gloves (worn)
Magical Staves
 x - an uncursed staff of cold
Jewellery
 l - an amulet of faith (around neck)
Wands
 s - a wand of disintegration (23)
 F - a wand of acid (6)
Scrolls
 b - 6 scrolls of teleportation {unknown}
 d - 5 scrolls of remove curse {unknown}
 g - 5 scrolls of amnesia {unknown}
 i - a scroll of blinking {unknown}
 k - 4 scrolls of identify {unknown}
 o - a scroll of magic mapping {unknown}
 t - 3 scrolls of enchant armour {unknown}
 u - 3 scrolls of immolation {unknown}
Potions
 e - a potion of haste {unknown}
 h - 7 potions of heal wounds {unknown}
 j - 2 potions of brilliance {unknown}
 m - a potion of might {unknown}
 n - 2 potions of degeneration {unknown}
 q - a potion of agility {unknown}
 r - 2 potions of flight {unknown}
 z - 2 potions of mutation {unknown}
 A - a potion of cancellation {unknown}
 B - 2 potions of magic {unknown}
 D - a potion of curing {unknown}
Comestibles
 c - 5 rations
 C - 3 chunks of flesh


   Skills:
 + Level 2.8 Fighting
 + Level 0.4 Long Blades
 + Level 4.7 Maces & Flails
 + Level 4.2 Dodging
 + Level 4.1 Stealth
 + Level 5.3 Spellcasting
 + Level 9.4 Conjurations


You had 4 spell levels left.
You knew the following spells:

 Your Spells              Type           Power        Failure   Level  Hunger
a - Magic Dart            Conj           ####         1%          1    None
b - Searing Ray           Conj           #####.       1%          2    #......
c - Dazzling Spray        Conj/Hex       ###...       5%          3    ##.....
d - Iskenderun's Mystic   Conj           #####...     2%          4    ####...
e - Call Canine Familiar  Summ           #.......     36%         3    ##.....

Your spell library contained the following spells:

 Spells                   Type           Power        Failure   Level  Hunger
 Shock                    Conj/Air       ###.         1%          1    None
 Summon Small Mammal      Summ           #...         13%         1    None
 Call Imp                 Summ           #.......     19%         2    #......
 Force Lance              Conj/Tloc      ###.....     19%         4    ####...
 Fulminant Prism          Conj/Hex       ###.......   19%         4    ####...
 Summon Guardian Golem    Hex/Summ       #.......     36%         3    ##.....
 Summon Ice Beast         Ice/Summ       #.......     77%         4    ####...
 Summon Lightning Spire   Summ/Air       #.......     77%         4    ####...


Dungeon Overview and Level Annotations

Branches:
Dungeon (7/15)             Temple (1/1) D:4

Altars:
Ashenzari
Fedhas
Gozag
Hepliaklqana
Kikubaaqudgha
Makhleb
Nemelex Xobeh
Qazlal
Ru
Sif Muna
Trog
Uskayaw
Vehumet
Wu Jian
Xom
Yredelemnul
Zin

Shops:
D:5 (

Annotations:
D:7 Harold


Innate Abilities, Weirdness & Mutations

You have a beak for a mouth.
You have claws for feet.
You can fly continuously.


Message History

The harpoon shot hits your hound!!
Your hound dies!
Your hound's corpse disappears in a puff of smoke!
Harold throws a throwing net.
The throwing net hits you.
You become entangled in the net!
A howler monkey comes into view.
You struggle against the net.
A centaur comes into view.
You struggle against the net.
The centaur shouts!
The centaur wields a +0 shortbow.
The centaur shoots an arrow.
The arrow hits you!
You tear a large gash into the net.
The centaur shoots an arrow.
The arrow hits you!
Unknown command.
You shred the net and break free!
The centaur shoots an arrow.
The arrow hits you!
* * * LOW HITPOINT WARNING * * *
The centaur shoots an arrow.
The arrow hits you!
You die...

#. #... #... ##
#.. #####)
...#..####...c..
...@h..@........
.###............
###.....####.
##.#### #...###
#..#...####..
####........#
#..####...#
##### ##.## ..#


You could see Harold, a centaur and a howler monkey (wandering).

Vanquished Creatures
  A hungry ghost (D:7)
  Edmund (D:4)
  2 ice beasts (D:5)
  A sky beast (D:5)
  An ogre (D:5)
  A centaur (D:5)
  2 bullfrogs
  A water moccasin zombie (D:5)
  2 wights (D:7)
  A crimson imp (D:5)
  A jelly (D:6)
  3 bullfrog zombies
  3 hounds
  A centaur skeleton (D:7)
  A bullfrog skeleton (D:5)
  3 orc wizards
  2 worker ants
  A hound zombie (D:5)
  4 gnolls (D:7)
  8 adders
  An ooze (D:3)
  An adder zombie (D:6)
  An adder skeleton (D:4)
  A worm (D:2)
  3 dart slugs
  7 leopard geckos
  10 orcs
  4 ball pythons
  4 giant cockroaches
  10 goblins
  5 hobgoblins
  2 jackals (D:2)
  2 quokkas (D:5)
  5 bats
  6 frilled lizards
  A giant cockroach zombie (D:5)
  A jackal skeleton (D:6)
  9 kobolds
  A leopard gecko skeleton (D:6)
  7 rats
121 creatures vanquished.

Notes
Turn   | Place    | Note
-------+----------+-------------------------------------------
     0 | D:1      | doot the Tengu Conjurer began the quest for the Orb.
     0 | D:1      | Reached XP level 1. HP: 10/10 MP: 4/4
   466 | D:1      | Reached XP level 2. HP: 10/15 MP: 0/6
   540 | D:1      | Learned a level 2 spell: Searing Ray
   742 | D:1      | Reached skill level 6 in Conjurations
  1205 | D:2      | Reached XP level 3. HP: 19/19 MP: 5/7
  1209 | D:2      | Found a blossoming altar of Fedhas.
  1534 | D:2      | Found an opulent altar of Gozag.
  1881 | D:2      | Reached XP level 4. HP: 24/24 MP: 3/8
  1936 | D:2      | Learned a level 3 spell: Dazzling Spray
  2095 | D:2      | Reached skill level 1 in Maces & Flails
  2599 | D:3      | Noticed a bullfrog
  2972 | D:3      | Found a shattered altar of Ashenzari.
  3026 | D:3      | Reached skill level 7 in Conjurations
  3609 | D:4      | Found a basalt altar of Yredelemnul.
  3654 | D:3      | Gained mutation: You can fly continuously. [Tengu growth]
  3654 | D:3      | Reached XP level 5. HP: 12/28 MP: 2/9
  4121 | D:4      | Noticed Edmund
  4338 | D:4      | Killed Edmund
  4338 | D:4      | Reached skill level 1 in Fighting
  4338 | D:4      | Reached XP level 6. HP: 22/34 MP: 0/11
  4517 | D:4      | Found a staircase to the Ecumenical Temple.
  4694 | Temple   | Entered the Ecumenical Temple
  4735 | Temple   | Became a worshipper of Vehumet
  5250 | D:5      | Entered Level 5 of the Dungeon
  5250 | D:5      | Noticed an ice beast
  5313 | D:5      | Learned a level 4 spell: Iskenderun's Mystic Blast
  5443 | D:5      | Reached skill level 8 in Conjurations
  5449 | D:5      | Noticed an ice beast
  5458 | D:5      | Killed an ice beast
  5458 | D:5      | Reached XP level 7. HP: 38/38 MP: 3/13
  5537 | D:5      | Found Ymaxzac's Weapon Shop.
  6099 | D:5      | Reached XP level 8. HP: 41/44 MP: 8/15
  6309 | D:5      | Reached * piety under Vehumet
  6309 | D:5      | Offered knowledge of Shock by Vehumet.
  6387 | D:5      | Reached skill level 9 in Conjurations
  6564 | D:6      | Found a sparkling altar of Nemelex Xobeh.
  6810 | D:6      | Found a deep blue altar of Sif Muna.
  6908 | D:6      | Found an ancient bone altar of Kikubaaqudgha.
  6909 | D:6      | Found a hazy altar of Hepliaklqana.
  7916 | D:6      | Reached skill level 5 in Spellcasting
  8664 | D:7      | Noticed Harold
  8670 | D:7      | Learned a level 3 spell: Call Canine Familiar
  8691 | D:7      | Shot with an arrow by a centaur

Skill      XL: |  1  2  3  4  5  6  7  8 |
---------------+-------------------------+-----
Conjurations   | 6 7 8 9 |  9.4
Maces & Flails | 1 3 4 |  4.7
Fighting       | 1 2 |  2.8
Stealth        | 3 4 |  4.1
Spellcasting   | 3 4 5 |  5.3
Dodging        | 3 4 |  4.2
Long Blades    | |  0.4

Action                   |  1- 3 |  4- 6 |  7- 9 || total
-------------------------+-------+-------+-------++-------
Melee: Whip              |    10 |    13 |       ||    23
       Peck              |     2 |     1 |     6 ||     9
       Kick              |     1 |     5 |     5 ||    11
       War axe           |       |     5 |       ||     5
       Dire flail        |       |     7 |    20 ||    27
       Falchion          |       |       |    10 ||    10
 Cast: Magic Dart        |    44 |    46 |    49 ||   139
       Searing Ray       |    10 |    17 |    22 ||    49
       Dazzling Spray    |       |     2 |     2 ||     4
       Iskenderun's Myst |       |     2 |     7 ||     9
       Call Canine Famil |       |       |     1 ||     1
 Abil: Fly               |       |     1 |       ||     1
 Stab: Sleeping          |     1 |       |     1 ||     2
  Eat: Chunk             |     4 |     9 |     8 ||    21
       Ration            |       |     1 |     1 ||     2
Armor: Robe              |     6 |     6 |    12 ||    24
Dodge: Dodged            |    12 |    35 |    44 ||    91
       Rpst.: Falchion   |       |       |     9 ||     9
